 Dungeon Crawl Stone Soup version 0.28.0-53-g5a82cb258f (webtiles) character file.

Game seed: 12742347308066399891

7272 Godmorgon the Basher (level 10, -4/96 HPs)
             Began as a Minotaur Fighter on Aug 12, 2022.
             Was a Believer of Zin.
             Slain by a two-headed ogre
             ... wielding a +2 vorpal dire flail
              (13 damage)
             ... on level 8 of the Dungeon.
             The game lasted 00:43:39 (11529 turns).

Godmorgon the Basher (Minotaur Fighter)            Turns: 11529, Time: 00:43:40

Health: -4/96      AC: 15    Str: 25    XL:     10   Next: 89%
Magic:  12/12      EV:  9    Int:  5    God:    Zin [**....]
Gold:   201        SH:  5    Dex: 10    Spells: 9/9 levels left

rFire   + . .      SeeInvis .   a - +4 flail
rCold   . . .      Faith    .   c - +0 buckler
rNeg    . . .      Spirit   .   z - +3 scale mail
rPois   .          Reflect  .   (helmet restricted)
rElec   .          Harm     .   f - +0 cloak
rCorr   .          Rampage  .   y - +0 pair of gloves
Will    .....                   r - +0 pair of boots
Stlth   ..........              m - amulet of the acrobat
HPRegen 0.26/turn               B - ring of protection from fire
MPRegen 0.13/turn               (no ring)

@: studying Fighting
A: horns 2, retaliatory headbutt
a: Renounce Religion, Recite, Vitalisation, Donate Gold


You were on level 8 of the Dungeon.
You worshipped Zin.
Zin was pleased with you.
You visited 2 branches of the dungeon, and saw 10 of its levels.

You collected 418 gold pieces.
You spent 189 gold pieces at shops.
You donated 28 gold pieces to Zin.

Inventory:

Hand Weapons
 a - a +4 flail (weapon)
Missiles
 e - 28 stones
 n - 2 boomerangs
 q - 14 poisoned darts (quivered)
 C - 10 throwing nets
 D - a curare-tipped dart
Armour
 c - a +0 buckler (worn)
 f - a +0 cloak (worn)
 i - a +0 scale mail
 j - a +0 plate armour
 r - a +0 pair of boots (worn)
 y - a +0 pair of gloves (worn)
 z - a +3 scale mail (worn)
Jewellery
 m - an amulet of the acrobat (around neck)
 B - a ring of protection from fire (left hand)
 H - a ring of resist corrosion
Wands
 d - a wand of mindburst (9)
 p - a wand of paralysis (6)
 s - a wand of acid (4)
 w - a wand of flame (53)
Scrolls
 h - 2 scrolls of silence
 k - 3 scrolls of magic mapping
 l - 3 scrolls of enchant armour
 o - 2 scrolls of fog
 x - a scroll of teleportation
 E - a scroll of enchant weapon {unknown}
 F - a scroll of summoning
Potions
 b - a potion of curing
 g - a potion of flight
 t - 2 potions of mutation
 u - 3 potions of cancellation
 v - a potion of brilliance {unknown}
 A - a potion of invisibility {unknown}
 G - 2 potions of ambrosia {unknown}


   Skills:
 + Level 11.6 Fighting
 * Level 12.3 Maces & Flails
 - Level 6.0 Throwing
 + Level 9.5 Armour
 - Level 5.0 Shields
 + Level 5.1 Invocations


You had 9 spell levels left.
You didn't know any spells.
Your spell library was empty.

Dungeon Overview and Level Annotations

Branches:
Dungeon (9/15)             Temple (1/1) D:4             Orc (0/2) D:9
   Lair: D:8-11

Altars:
Cheibriados
Dithmenos
Elyvilon
Fedhas
Gozag
Hepliaklqana
Kikubaaqudgha
Makhleb
Nemelex Xobeh
Sif Muna
Vehumet
Xom
Yredelemnul
Zin
The Shining One

Shops:
D:2 *   D:7 :

Annotations:
D:7 1 exclusion


Innate Abilities, Weirdness & Mutations

You have a pair of horns on your head.
You reflexively headbutt those who attack you in melee.


Message History

The shadow is heavily damaged. "...souls of the unbelievers, and with their disloyal..."
The shadow stumbles about in disarray.
The shadow hits you.
You hit the shadow. You headbutt the shadow.
You destroy the shadow! "...ways, the balance hath tipped against them!"
You finish reciting Apostates 11:31.
You start resting.
You are ready to recite again.
You start resting.
HP restored.
You climb downwards.
The two-headed ogre hits you with a +2 vorpal dire flail.
The two-headed ogre misses you. You block the orc warrior's attack.
The orc warrior hits you with a +0 scimitar!
There is a stone staircase leading up, spattered with blood here.
The two-headed ogre hits you with a +2 vorpal dire flail!
The two-headed ogre hits you with a +0 giant club!!
The orc hits you but does no damage.
The orc warrior hits you with a +0 scimitar.
The orc hits you but does no damage.
You climb upwards.
There is a stone staircase leading down here.
Okay, then.
Okay, then.
Okay, then.
Press: ? - help, v - describe, . - travel
Here: a two-headed ogre, wielding a +2 vorpal dire flail and a +0 giant club The floor, spattered with blood.
You thump the orc warrior!
The orc warrior is moderately wounded.
The two-headed ogre hits you with a +2 vorpal dire flail!!
* * * LOW HITPOINT WARNING * * *
x2 The two-headed ogre hits you with a +0 giant club.
* * * LOW HITPOINT WARNING * * *
The orc warrior hits you with a +0 scimitar!
* * * LOW HITPOINT WARNING * * *
You feel better.
The two-headed ogre hits you with a +2 vorpal dire flail!
You die...

#.## #........#
#.# ########.# #
#.# #.# # #.# #.#
# #.# #.# # #.#
#.# ####.# #o#
.....# #O# ######
#@# # #o# ## #.#
.###############.#
.....†...........#
.#################
##


You could see a two-headed ogre, an orc warrior and an orc.

Vanquished Creatures
  Harold (D:8)
  Erica (D:8)
  A two-headed ogre (D:8)
  Joseph (D:8)
  Maurice (D:8)
  Psyche (D:8)
  A troll (D:7)
  Grinder (D:3)
  A hornet (D:8)
  Sigmund (D:5)
  A shadow (D:8)
  Menkaure (D:4)
  2 wargs (D:8)
  2 acid dragons (D:8)
  3 water moccasins
  2 orc warriors
  2 black bears (D:5)
  A sky beast (D:8)
  An ogre (D:4)
  The ghost of turdburglar the Cutter, an amateur KoFi (D:3)
  2 kobold brigands (D:7)
  A gnoll sergeant (D:8)
  2 bullfrogs
  4 scorpions
  A wyvern skeleton (D:3)
  A water moccasin skeleton (D:7)
  9 wights
  2 howler monkeys (D:6)
  2 bullfrog zombies (D:5)
  A centaur zombie (D:7)
  2 gnoll shamans
  2 hounds
  Crazy Yiuf (D:4)
  6 orc priests
  A bullfrog skeleton (D:3)
  A jelly (D:8)
  Jessica (D:3)
  2 iguanas
  Ijyb (D:3)
  7 orc wizards
  Robin (D:3)
  12 gnolls
  7 adders
  3 ufetubi
  A worm (D:3)
  3 dart slugs
  36 orcs
  5 endoplasms
  4 giant cockroaches
  13 goblins
  9 hobgoblins
  7 jackals
  17 kobolds
  2 quokkas
  6 ball pythons
  6 bats
  4 frilled lizards
  3 rats
214 creatures vanquished.

Vanquished Creatures (others)
  An orc wizard (D:5)
1 creature vanquished.

Grand Total: 215 creatures vanquished

Notes
Turn   | Place    | Note
-------+----------+-------------------------------------------
     0 | D:1      | Godmorgon the Minotaur Fighter began the quest for the Orb.
     0 | D:1      | Reached XP level 1. HP: 19/19 MP: 0/0
   219 | D:1      | Reached XP level 2. HP: 23/27 MP: 1/1
   398 | D:1      | Reached skill level 3 in Maces & Flails
   473 | D:1      | Found a faded altar of an unknown god.
  1193 | D:2      | Reached XP level 3. HP: 29/32 MP: 2/2
  2060 | D:2      | Found Dade's General Store.
  2066 | D:2      | Bought a scroll of identify for 28 gold pieces
  2365 | D:3      | Noticed Robin
  2604 | D:3      | Killed Robin
  2605 | D:3      | Reached XP level 4. HP: 40/40 MP: 3/3
  2705 | D:3      | Reached skill level 4 in Maces & Flails
  2855 | D:3      | Paralysed by a hobgoblin for 3 turns
  2889 | D:3      | Found a transporter.
  2892 | D:3      | Noticed turdburglar's ghost (amateur KoFi)
  2897 | D:3      | Found a transporter.
  2914 | D:3      | Noticed Ijyb
  2922 | D:3      | Killed Ijyb
  2923 | D:3      | Reached XP level 5. HP: 47/47 MP: 4/4
  3082 | D:3      | Noticed Jessica
  3149 | D:3      | Killed Jessica
  3174 | D:3      | Found a shimmering blue altar of Sif Muna.
  3373 | D:3      | Reached skill level 1 in Throwing
  3449 | D:3      | Noticed Grinder
  3451 | D:3      | Paralysed by Grinder for 6 turns
  3464 | D:3      | Killed Grinder
  3465 | D:3      | Reached skill level 5 in Fighting
  3465 | D:3      | Reached skill level 5 in Maces & Flails
  3465 | D:3      | Reached skill level 5 in Armour
  3465 | D:3      | Reached skill level 5 in Shields
  3465 | D:3      | Reached XP level 6. HP: 49/56 MP: 5/5
  3671 | D:3      | Killed turdburglar's ghost
  3675 | D:3      | Reached XP level 7. HP: 16/61 MP: 6/6
  3903 | D:4      | Identified the +2 leather armour of Ezelune {Contam rF+
                  | Stlth+}
  4022 | D:4      | Reached skill level 6 in Maces & Flails
  4127 | D:4      | Noticed Menkaure
  4311 | D:4      | Killed Menkaure
  4685 | D:4      | Reached skill level 7 in Maces & Flails
  4962 | D:2      | Bought a scroll of enchant armour for 105 gold pieces
  5097 | D:4      | Reached XP level 8. HP: 69/70 MP: 7/7
  5149 | D:4      | Found an opulent altar of Gozag.
  5155 | D:5      | Entered Level 5 of the Dungeon
  5336 | D:4      | Found a runed translucent door.
  5337 | D:4      | Noticed Crazy Yiuf
  5347 | D:4      | Killed Crazy Yiuf
  5666 | D:4      | Found a staircase to the Ecumenical Temple.
  5673 | Temple   | Entered the Ecumenical Temple
  5932 | Temple   | Became a worshipper of Zin the Law-Giver
  6106 | D:5      | Noticed Sigmund
  6114 | D:5      | Killed Sigmund
  6194 | D:5      | Reached * piety under Zin
  6372 | D:2      | Bought 2 scrolls of identify for 56 gold pieces
  6372 | D:2      | Identified a scroll of acquirement
  6376 | D:2      | Acquired a manual of Fighting
  6758 | D:5      | Reached skill level 8 in Maces & Flails
  7255 | D:6      | Reached skill level 1 in Invocations
  7600 | D:6      | Reached skill level 9 in Maces & Flails
  7600 | D:6      | Reached XP level 9. HP: 81/81 MP: 7/9
  8300 | D:7      | Found Ladu's Book Shop.
  8309 | D:7      | Reached ** piety under Zin
  8644 | D:7      | Found a snail-covered altar of Cheibriados.
  8781 | D:7      | Reached skill level 5 in Throwing
  8950 | D:7      | Reached skill level 10 in Maces & Flails
  8981 | D:7      | Noticed a troll
  8995 | D:7      | Killed a troll
  9250 | D:7      | Noticed an eight-headed hydra
  9479 | D:8      | Noticed Psyche
  9485 | D:8      | Killed Psyche
  9527 | D:8      | Noticed Maurice
  9838 | D:8      | Noticed Harold
  9843 | D:9      | Found a staircase to the Orcish Mines.
  9843 | D:9      | Noticed a two-headed ogre
  9880 | D:9      | Noticed Erica
 10043 | D:8      | Reached XP level 10. HP: 71/92 MP: 11/11
 10081 | D:8      | Killed Erica
 10082 | D:8      | Reached skill level 10 in Fighting
 10097 | D:8      | Reached skill level 11 in Maces & Flails
 10400 | D:8      | Found a shadowy altar of Dithmenos.
 10403 | D:8      | Noticed a two-headed ogre
 10558 | D:8      | Killed Harold
 10700 | D:8      | Killed a two-headed ogre
 10720 | D:8      | Killed Maurice
 10952 | D:8      | Reached skill level 12 in Maces & Flails
 11021 | D:8      | Noticed Joseph
 11036 | D:8      | Killed Joseph
 11037 | D:8      | Reached skill level 5 in Invocations
 11037 | D:8      | Found a glowing golden altar of the Shining One.
 11528 | D:8      | HP: 4/96 [orc warrior/+0 scimitar (11)]
 11529 | D:8      | Slain by a two-headed ogre

Illustrated notes

Levels and vault maps discovered:
D:1:      saegor_arrival_fortress, layout_basic, ebering_ecumenical_altar_webs
D:2:      layout_loops_corners, serial_shops, shop, kennysheep_nub
D:3:      layout_loops_ring, tgw_sif, gammafunk_ghost_mausoleum, uniq_ijyb,
          uniq_robin, uniq_grinder, uniq_jessica
D:4:      layout_cave_pools, amcnicky_altar_gilded, minmay_temple_entry_fiery,
          hangedman_decor_riveting, uniq_menkaure, uniq_crazy_yiuf_cottage
D:5:      black_bear_nest_2, layout_cave_pools, uniq_sigmund
D:6:      layout_cave_pools, patterned_corridor
D:7:      layout_basic, marbit_many_paths, serial_shops,
          nicolae_shop_waterfront, wad_mini_maze
D:8:      layout_loops_ring, nicolae_tso_carved_into_rock,
          nicolae_dithmenos_shadow_blocks, uniq_harold, uniq_psyche,
          uniq_joseph, uniq_maurice
D:9:      layout_layer_cave, minitemple, david_orc_3, uniq_erica, uniq_grum
Temple:   dpeg_chambers_temple

Skill      XL: |  1  2  3  4  5  6  7  8  9 10 |
---------------+-------------------------------+-----
Maces & Flails | 3 4 5 7 9 10 12 | 12.3
Fighting       | 4 5 6 7 9 11 | 11.6
Shields        | 4 5 |  5.0
Armour         | 4 5 6 7 8 9 |  9.5
Throwing       | 1 2 3 4 5 6 |  6.0
Invocations    | 1 3 5 |  5.1

Action                   |  1- 3 |  4- 6 |  7- 9 | 10-12 || total
-------------------------+-------+-------+-------+-------++-------
Melee: Flail             |   125 |    89 |   337 |    74 ||   625
       Headbutt          |     9 |    15 |    64 |    17 ||   105
       Mace              |       |       |    20 |       ||    20
Throw: Stone             |    12 |       |       |       ||    12
       Boomerang         |       |       |     5 |       ||     5
       Dart              |       |       |       |    10 ||    10
Invok: Vitalisation      |       |       |     4 |     3 ||     7
       Recite            |       |       |     1 |     4 ||     5
Evoke: Wand              |       |     5 |     3 |     3 ||    11
  Use: Scroll            |     2 |     1 |    12 |     1 ||    16
       Potion            |       |       |     2 |     2 ||     4
 Stab: Paralysed         |       |     5 |     5 |     7 ||    17
       Distracted        |       |       |     1 |       ||     1
Armor: Scale mail        |    76 |    36 |   122 |    24 ||   258
       Plate armour      |       |       |    80 |       ||    80
Dodge: Dodged            |    61 |    31 |   149 |    42 ||   283
Block: Buckler           |    23 |    14 |    84 |    12 ||   133
